Description

Super macro greed

Replay - Zerg_7_Minute_Max

Build Order

Get SALT Encoding   

  12  0:01  Drone  
  13  0:12  Overlord  
  13  0:17  Drone  
  14  0:30  Drone x2  
  16  0:47  Hatchery  
  15  0:50  Drone x2  
  17  0:58  Drone  
  18  1:11  Spawning Pool  
  18  1:15  Extractor  
  18  1:16  Drone x2  
  18  1:27  Drone  
  20  1:50  Overlord  
  20  1:58  Queen x2  
  26  2:20  Hatchery  
  25  2:29  Metabolic Boost  
  29  2:43  Queen  
  31  2:48  Overlord  
  41  3:23  Hatchery  
  40  3:28  Queen  
  45  3:41  Overlord x2  
  53  4:05  Lair  
  63  4:22  Roach Warren  
  63  4:26  Queen  
  86  5:03  Glial Reconstitution  
  86  5:08  Extractor x5  
  87  5:15  Hatchery, Evolution Chamber  
  95  5:39  Roach x5  
  95  5:41  Zerg Missile Weapons Level 1  
  105  5:51  Roach x5  
  119  6:02  Hatchery  
Spawning Tool Build Advisor. Get it on Overwolf

Go to:

Details

  • Created by: g.georgi@gmail.com
  • Published on: May 01, 2025
  • Modified on: May 01, 2025
  • Patch: 5.0.11
  • Difficulty: Easy
Show
View Real Time Build Order
Export as new Build Order

Comments (0)

There are no comments. Be the first!

Create an account to comment!